 Dungeon Crawl Stone Soup version 0.30.0-20-g3615ddf2f0 (webtiles) character file.

Game seed: 16317374541898728982

619 qw the Chopper (level 7, -1/43 HPs)
             Began as a Gargoyle Fighter on May 31, 2023.
             Slain by a wight
             ... wielding a +3 battleaxe
              (2 damage)
             ... on level 5 of the Dungeon.
             The game lasted 00:01:55 (3540 turns).

qw the Chopper (Gargoyle Fighter)                   Turns: 3540, Time: 00:01:55

Health: -1/43      AC: 15    Str: 22    XL:     7   Next: 46%
Magic:  7/7        EV:  9    Int:  8    God:
Gold:   158        SH:  9    Dex:  9    Spells: 6/6 levels left

rFire   . . .        s - +2 war axe (vamp)
rCold   . . .        c - +0 buckler
rNeg    + . .        b - +0 scale mail
rPois   inf          (no helmet)
rElec   +            (no cloak)
rCorr   .            j - +2 pair of gloves
SInv    .            f - +0 pair of boots
Will    .....        l - amulet of reflection Stlth
                     (no ring)
HPRegen 0.27/turn    (no ring)
MPRegen 0.10/turn

%: reflection
@: about to teleport
A: sickness immunity, AC +4, negative energy resistance 1, electricity
resistance, torment resistance 1, petrification resistance
a: no special abilities


You were on level 5 of the Dungeon.
You visited 1 branch of the dungeon, and saw 5 of its levels.
You also visited: Ossuary.

You collected 182 gold pieces.
You spent 24 gold pieces at shops.


Innate Abilities, Weirdness & Mutations

You are immune to sickness and miasma.
Your stone body is resilient. (AC +4)
You are immune to poison.
You resist negative energy. (rN+)
You are resistant to electric shocks. (rElec)
You are resistant to unholy torment.
You are immune to petrification.


   Skills:
 - Level 4.1 Fighting
 + Level 6.9 Axes
 - Level 3.2 Armour
 - Level 1.0 Dodging
 - Level 3.2 Shields


You had 6 spell levels left.
You didn't know any spells.
Your spell library was empty.

Inventory:

Hand Weapons
 i - a +0 whip
 s - a +2 vampiric war axe (weapon)
Armour
 b - a +0 scale mail (worn)
 c - a +0 buckler (worn)
 f - a +0 pair of boots (worn)
 j - a +2 pair of gloves (worn)
 n - a +2 leather armour of fire resistance
Jewellery
 l - an amulet of reflection (around neck)
 r - a ring of ice
Scrolls
 a - 2 scrolls of identify
 g - 6 scrolls of teleportation
Potions
 d - 2 potions of might
 h - a potion of lignification {unknown}
 k - a potion of curing
 m - a potion of attraction {unknown}
 o - a potion of flight {unknown}
 p - a potion of ambrosia {unknown}
 q - 3 potions of heal wounds

Dungeon Overview and Level Annotations

Branches:
Dungeon (5/15)            Ossuary (visited)
 Temple: D:4-7

Altars:
Fedhas
Gozag
Ru

Shops:
D:4 *


Message History

A wight comes into view. It is wielding a +3 battleaxe.
Enter note:
Enter note: A two-headed ogre comes into view.
It is wielding a +0 giant club and a +0 giant spiked club.
The two-headed ogre shouts in stereo!
You block the hound's attack. x2
Enter note:
Enter note: You closely miss the hound.
The hound bites you but does no damage.
You barely miss the hound. The hound bites you but does no damage.
The hound closely misses you. You block the wight's attack.
You barely miss the hound. You block the hound's attack.
The wight barely misses you.
A wight comes into view. It is wielding a +2 trident.
The hound bites you but does no damage.
You slash the hound!
The hound is almost dead.
You block the hound's attack. The wight hits you but does no damage.
The hound barely misses you.
You slash the hound!
You kill the hound!
You slash the wight! The wight barely misses you.
The wight hits you with a +3 battleaxe.
You hit the wight.
The wight is almost destroyed.
You hit the two-headed ogre but do no damage.
The wight hits you but does no damage.
The two-headed ogre hits you with a +0 giant club!!
The two-headed ogre hits you with a +0 giant spiked club!
The wight hits you from afar with a +0 spear.
You block the wight's attack.
3540 ||| READING 7 scrolls of teleportation.
As you read the scroll of teleportation, it crumbles to dust.
You feel strangely unstable.
The two-headed ogre hits you but does no damage.
The two-headed ogre hits you with a +0 giant spiked club.
The wight hits you but does no damage. The wight hits you with a +3 battleaxe.
You die...

#.~~~~~~~~~~~........
......~~~~~~~~~.........
....#".~~~~~~~..........
..?.#....~~~............
.......#................
......####.##.........##
...........##.......###
......Oz.........####
..<..z.@......####
.....z%......##
............##
....######..# ... #..#
.. #..# # ..# .#


You could see a two-headed ogre and 3 wights.

Vanquished Creatures
  A black bear (D:2)
  2 phantoms (D:4)
  A scorpion (D:4)
  A hound (D:5)
  An orc priest (D:4)
  A sleepcap (D:4)
  Jessica (D:2)
  2 mummies (Ossuary)
  A gnoll (D:2)
  5 adders
  2 adder zombies (Ossuary)
  2 worms (D:3)
  2 dart slugs
  8 orcs
  5 ball pythons
  10 bats
  11 endoplasms
  3 giant cockroaches
  6 goblins
  8 hobgoblins
  3 jackals (D:2)
  8 kobolds
  2 quokkas
  2 frilled lizards
  2 goblin zombies (Ossuary)
  9 hobgoblin zombies (Ossuary)
  3 jackal zombies (Ossuary)
  10 kobold zombies (Ossuary)
  10 orc zombies (Ossuary)
  12 rats
  A rat zombie (Ossuary)
135 creatures vanquished.

Notes
Turn   | Place    | Note
-------+----------+-------------------------------------------
     0 | D:1      | qw the Gargoyle Fighter began the quest for the Orb.
     0 | D:1      | Reached XP level 1. HP: 14/14 MP: 1/1
     0 | D:1      | 0 ||| qw: Version: 0.2-a-102-gfc559e5
     0 | D:1      | 0 ||| qw: Game counter: 611
     0 | D:1      | 0 ||| qw: Always use a shield: true
     0 | D:1      | 0 ||| qw: God list: Okawaru
     0 | D:1      | 0 ||| qw: Allow faded altars: false
     0 | D:1      | 0 ||| qw: Do Orc after D:15 true
     0 | D:1      | 0 ||| qw: Do second Lair branch before Depths: true
     0 | D:1      | 0 ||| qw: Lair rune preference: random
     0 | D:1      | 0 ||| qw: Plans: Normal, Zot:1-4, Slime:5, God:TSO, Crypt,
                  | Tomb, Pan, Hells, Abyss, Win
     0 | D:1      | 0 ||| PLANNING D:1-11
    28 | D:1      | Reached skill level 2 in Axes
    48 | D:1      | 48 ||| Stepping ~*~*~tactically~*~*~ (stealth).
    63 | D:1      | Reached XP level 2. HP: 19/19 MP: 2/2
    95 | D:1      | 95 ||| Stepping ~*~*~tactically~*~*~ (hiding).
    96 | D:1      | 96 ||| Stepping ~*~*~tactically~*~*~ (hiding).
   211 | D:1      | 211 ||| Stepping ~*~*~tactically~*~*~ (hiding).
   237 | D:1      | Reached skill level 3 in Axes
   324 | D:1      | 324 ||| Stepping ~*~*~tactically~*~*~ (hiding).
   329 | D:1      | Reached XP level 3. HP: 23/23 MP: 3/3
   638 | D:1      | Found a faded altar of an unknown god.
   804 | D:1      | 804 ||| DROPPING orb of guile.
   805 | D:1      | 805 ||| READING 2 scrolls labelled HETAMM RUGG.
   806 | D:1      | 806 ||| READING scroll labelled AWKIACZ OTROU.
   809 | D:1      | 809 ||| READING scroll labelled HUADAGH SIZIR.
   810 | D:1      | 810 ||| READING scroll labelled YNAMIGG VUGA.
   811 | D:1      | 811 ||| DROPPING +0 club.
   812 | D:1      | 812 ||| DRINKING 4 bubbling black potions.
   813 | D:1      | 813 ||| DROPPING 3 potions of degeneration.
   852 | D:2      | 852 ||| Stepping ~*~*~tactically~*~*~ (stealth).
   863 | D:2      | Reached XP level 4. HP: 26/28 MP: 4/4
   924 | D:2      | Noticed a black bear
   930 | D:2      | Killed a black bear
   931 | D:2      | Reached skill level 4 in Axes
   931 | D:2      | Reached XP level 5. HP: 28/32 MP: 5/5
  1007 | D:2      | Reached skill level 5 in Axes
  1041 | D:2      | 1041 ||| Stepping ~*~*~tactically~*~*~ (stealth).
  1045 | D:2      | 1045 ||| Stepping ~*~*~tactically~*~*~ (stealth).
  1047 | D:2      | 1047 ||| Stepping ~*~*~tactically~*~*~ (stealth).
  1089 | D:2      | Noticed Jessica
  1091 | D:2      | 1091 ||| Stepping ~*~*~tactically~*~*~ (hiding).
  1098 | D:2      | 1098 ||| Stepping ~*~*~tactically~*~*~ (hiding).
  1104 | D:2      | Killed Jessica
  1314 | D:2      | 1314 ||| Stepping ~*~*~tactically~*~*~ (stealth).
  1321 | D:2      | 1321 ||| Stepping ~*~*~tactically~*~*~ (stealth).
  1322 | D:2      | 1322 ||| Stepping ~*~*~tactically~*~*~ (stealth).
  1674 | D:2      | 1674 ||| READING scroll of brand weapon.
  1674 | D:2      | 1674 ||| BRANDING +0 war axe of flaming.
  1876 | D:2      | 1876 ||| UPGRADING to +0 pair of boots.
  1881 | D:2      | 1881 ||| UPGRADING to amulet of reflection.
  1886 | D:2      | 1886 ||| READING scroll labelled XEUS LYEDAGGY.
  1887 | D:2      | 1887 ||| READING scroll labelled CAEMIZ BUVATA.
  1888 | D:2      | 1888 ||| READING scroll labelled DYN WAOROSAOCW.
  1889 | D:2      | 1889 ||| DRINKING 2 fizzy silvery potions.
  1969 | D:3      | 1969 ||| Stepping ~*~*~tactically~*~*~ (stealth).
  1973 | D:3      | 1973 ||| Stepping ~*~*~tactically~*~*~ (stealth).
  1975 | D:3      | 1975 ||| Stepping ~*~*~tactically~*~*~ (stealth).
  1979 | D:3      | Reached XP level 6. HP: 38/38 MP: 6/6
  2076 | D:3      | Reached skill level 1 in Dodging
  2133 | D:3      | 2133 ||| READING scroll of enchant weapon.
  2133 | D:3      | 2133 ||| ENCHANTING +1 heavy war axe.
  2353 | D:3      | 2353 ||| Stepping ~*~*~tactically~*~*~ (stealth).
  2354 | D:3      | 2354 ||| Stepping ~*~*~tactically~*~*~ (stealth).
  2355 | D:3      | 2355 ||| Stepping ~*~*~tactically~*~*~ (stealth).
  2356 | D:3      | 2356 ||| Stepping ~*~*~tactically~*~*~ (stealth).
  2386 | D:3      | Found a sacrificial altar of Ru.
  2465 | D:3      | 2465 ||| READING scroll labelled ZUINIO JIVVIU.
  2466 | D:3      | 2466 ||| READING scroll labelled TAAN TUR WUGAOR.
  2495 | D:4      | 2495 ||| PLANNING OSSUARY
  2631 | D:4      | Found an opulent altar of Gozag.
  2676 | D:4      | Found a sand-covered staircase.
  2677 | D:4      | 2677 ||| UPGRADING to +2 pair of gloves.
  2682 | D:4      | 2682 ||| READING scroll labelled VARASA XARO.
  2683 | D:4      | 2683 ||| DRINKING 2 silvery potions.
  2684 | D:4      | 2684 ||| DRINKING 2 bubbling white potions.
  2685 | D:4      | 2685 ||| DROPPING potion of invisibility.
  2698 | Ossuary  | Entered an ossuary
  2705 | Ossuary  | 2705 ||| Stepping ~*~*~tactically~*~*~ (stealth).
  2707 | Ossuary  | 2707 ||| Stepping ~*~*~tactically~*~*~ (stealth).
  2708 | Ossuary  | 2708 ||| Stepping ~*~*~tactically~*~*~ (stealth).
  2716 | Ossuary  | 2716 ||| Stepping ~*~*~tactically~*~*~ (stealth).
  2718 | Ossuary  | 2718 ||| Stepping ~*~*~tactically~*~*~ (stealth).
  2778 | Ossuary  | 2778 ||| FLEEEEING.
  2779 | Ossuary  | 2779 ||| FLEEEEING.
  2780 | Ossuary  | 2780 ||| FLEEEEING.
  2781 | Ossuary  | 2781 ||| FLEEEEING.
  2916 | Ossuary  | 2916 ||| READING 2 scrolls of brand weapon.
  2916 | Ossuary  | 2916 ||| BRANDING +2 heavy war axe.
  2917 | Ossuary  | 2917 ||| READING scroll of brand weapon.
  2917 | Ossuary  | 2917 ||| BRANDING +2 war axe of protection.
  2976 | Ossuary  | 2976 ||| DRINKING 2 viscous ruby potions.
  2977 | Ossuary  | 2977 ||| DROPPING potion of brilliance.
  2991 | D:4      | 2991 ||| PLANNING D:1-11
  3070 | D:4      | Reached skill level 6 in Axes
  3130 | D:4      | Reached XP level 7. HP: 43/43 MP: 7/7
  3224 | D:4      | Found Hoezycas's CLEARANCE SALE!.
  3231 | D:4      | 3231 ||| BUYING potion of heal wounds (15 gold).
  3231 | D:4      | Bought a potion of heal wounds for 15 gold pieces
  3231 | D:4      | 3231 ||| BUYING scroll of teleportation (9 gold).
  3231 | D:4      | Bought a scroll of teleportation for 9 gold pieces
  3514 | D:4      | 3514 ||| READING scroll labelled SIUNIOR BO POEZATY.
  3519 | D:5      | Entered Level 5 of the Dungeon
  3520 | D:5      | Found a blossoming altar of Fedhas.
  3533 | D:5      | Noticed a two-headed ogre
  3539 | D:5      | HP: 7/43 [wight/+0 spear (4)]
  3540 | D:5      | 3540 ||| READING 7 scrolls of teleportation.
  3540 | D:5      | HP: 1/43 [two-headed ogre/+0 giant club (6)]
  3540 | D:5      | Slain by a wight

Levels and vault maps discovered:
D:1:      dpeg_arrival_subterranean_lakeside_camping, layout_basic,
          shapermc_ecumenical_altar_petra
D:2:      cheibrodos_old_hovel, layout_loops_ring, hangedman_glass_garden,
          minmay_increasing_density, uniq_jessica
D:3:      layout_basic, lemuel_coloured_pillars_altar
D:4:      layout_basic, lemuel_doored_altar, enter_ossuary_1,
          minmay_fountain_box, nicolae_shop_clearance
D:5:      layout_cave_pods, fedhas_ov_isle_minmay, slow_altar_2,
          gammafunk_ghost_split

Skill      XL: |  1  2  3  4  5  6 |
---------------+-------------------+-----
Axes           | 2 3 4 5 6 |  6.9
Fighting       | 4 |  4.1
Dodging        | 1 |  1.0
Armour         | |  3.2
Shields        | |  3.2

Action                     |  1- 3 |  4- 6 |  7- 9 || total
---------------------------+-------+-------+-------++-------
  Melee: War axe           |   103 |   144 |    38 ||   285
  Throw: Boomerang         |     1 |    82 |     7 ||    90
    Use: Scroll            |     4 |    10 |     2 ||    16
         Potion            |     1 |     4 |       ||     5
   Stab: Invisible         |       |     1 |       ||     1
 Armour: Scale mail        |    58 |    66 |    17 ||   141
  Dodge: Dodged            |    43 |    59 |    10 ||   112
  Block: Buckler           |    18 |    46 |    19 ||    83
         Reflection        |       |     2 |       ||     2

Table legend:
 A = Non-vault XP
 B = Vault XP
 C = Vault XP percentage of total XP
 D = Non-vault monster count
 E = Vault monster count
 F = Vault count percentage of total count
                 A         B        C        D         E       F
            +---------+---------+-------+---------+---------+-------
      Total |     589 |     296 |  33.4 |      82 |      53 |  39.3
            +---------+---------+-------+---------+---------+-------
        D:1 |      38 |      10 |  20.8 |      24 |       6 |  20.0
        D:2 |      63 |     203 |  76.3 |      22 |       8 |  26.7
        D:3 |      54 |       0 |   0.0 |      19 |       0 |   0.0
        D:4 |     391 |       0 |   0.0 |      16 |       0 |   0.0
        D:5 |      43 |       0 |   0.0 |       1 |       0 |   0.0
    Ossuary |       0 |      83 | 100.0 |       0 |      39 | 100.0
            +---------+---------+-------+---------+---------+-------
